General information
- name: BNet
- type: Ladder team game (AT/RT)
- host: Battle.net
- saver: Drayen13
map: Deadlands
- players: 8
- length: 22:41
- speed: Fast
- version: 1.27 W3XP
- replay type: Public
» download(135 KB)
Players
team 1 (loser)
KnowLimit (
orange | 0 APM | 0 actions | 00:00)
Messi_kaka (
purple | 66 APM | 1488 actions | 22:40)
4 Mountain King
2 Storm Bolt
2 Bash
5 Archmage
3 Summon Water Elemental
2 Brilliance Aura
1 Paladin
1 Divine Shield
1 Death Knight
1 Unholy Aura
» actions
| Basic commands | 179 | |
| Build / train | 158 | |
| Enter build submenu | 43 | |
| Enter hero's abilities submenu | 10 | |
| Remove unit from queue | 4 | |
| Right click | 456 | |
| Select / deselect | 534 | |
| Use ability | 104 | |
1488 total
» units
| Peasant | 16 | |
| Footman | 49 | |
| Rifleman | 42 | |
| Dragonhawk Rider | 1 | |
| Gryphon Rider | 6 | |
| Knight | 6 | |
| Acolyte | 4 | |
124 total
» upgrades
| Armor | 1 | |
| Gunpowder | 1 | |
| Swords | 2 | |
| Storm Hammers | 1 | |
| Animal War Training | 1 | |
6 total
» buildings
| Altar of Kings | 2 | |
| Farm | 17 | |
| Barracks | 6 | |
| Blacksmith | 3 | |
| Keep | 3 | |
| Arcane Vault | 1 | |
| Lumber Mill | 2 | |
| Castle | 2 | |
| Gryphon Aviary | 2 | |
| Necropolis | 1 | |
39 total
» build order
00:21 Altar of Kings
00:23 Farm
00:37 Farm
00:50 Altar of Kings
01:01 Barracks
01:25 Blacksmith
01:33 Farm
01:46 Barracks
01:55 Farm
02:14 Farm
02:19 Barracks
02:35 Barracks
02:42 Farm
03:00 Farm
03:20 Farm
03:46 Farm
03:50 Farm
04:00 Farm
04:41 Farm
04:58 Farm
08:22 Farm
08:33 Farm
11:05 Keep
11:11 Keep
11:11 Keep
11:29 Arcane Vault
11:55 Lumber Mill
12:32 Blacksmith
14:46 Castle
14:48 Gryphon Aviary
14:49 Gryphon Aviary
14:56 Castle
17:40 Blacksmith
18:17 Lumber Mill
18:48 Barracks
18:53 Farm
20:04 Necropolis
20:38 Barracks
20:41 Farm
» items
angel.shell (
blue | 47 APM | 919 actions | 19:35)
5 Priestess of the Moon
3 Trueshot Aura
2 Searing Arrows
» actions
| Assign group hotkey | 93 | |
| Basic commands | 96 | |
| Build / train | 58 | |
| Enter build submenu | 15 | |
| Enter hero's abilities submenu | 5 | |
| Remove unit from queue | 2 | |
| Right click | 290 | |
| Select / deselect | 193 | |
| Select group hotkey | 134 | |
| Use ability | 33 | |
919 total
» units
| Wisp | 12 | |
| Archer | 6 | |
| Huntress | 17 | |
| Chimaera | 4 | |
39 total
» upgrades
| Moon Armor | 2 | |
| Strength of the Moon | 1 | |
| Upgrade Moon Glaive | 1 | |
| Corrosive Breath | 1 | |
| Reinforced Hides | 1 | |
| Strength of the Wild | 1 | |
7 total
» buildings
| Altar of Elders | 1 | |
| Moon Well | 5 | |
| Ancient of War | 2 | |
| Hunter's Hall | 1 | |
| Tree of Ages | 1 | |
| Ancient of Wind | 1 | |
| Tree of Eternity | 1 | |
| Chimaera Roost | 2 | |
14 total
» build order
00:11 Altar of Elders
00:21 Moon Well
00:27 Ancient of War
01:39 Moon Well
02:05 Ancient of War
02:47 Hunter's Hall
03:26 Moon Well
04:14 Moon Well
08:55 Tree of Ages
11:36 Ancient of Wind
11:57 Tree of Eternity
14:19 Chimaera Roost
14:20 Chimaera Roost
17:44 Moon Well
» items

»
craycray123 (
yellow | 70 APM | 1375 actions | 19:45)
5 Dark Ranger
2 Black Arrow
3 Life Drain
1 Death Knight
1 Death Coil
1 Paladin
1 Holy Light
» actions
| Assign group hotkey | 14 | |
| Basic commands | 79 | |
| Build / train | 62 | |
| Enter build submenu | 23 | |
| Enter hero's abilities submenu | 6 | |
| Give item / drop item | 1 | |
| Remove unit from queue | 1 | |
| Right click | 530 | |
| Select / deselect | 514 | |
| Select group hotkey | 74 | |
| Use ability | 71 | |
1375 total
» units
| Acolyte | 5 | |
| Ghoul | 3 | |
| Crypt Fiend | 14 | |
| Footman | 2 | |
| Necromancer | 4 | |
| Priest | 2 | |
30 total
» upgrades
| Creature Carapace | 1 | |
| Creature Attack | 1 | |
| Unholy Armor | 1 | |
| Defend | 1 | |
| Unholy Strength | 1 | |
| Plating | 1 | |
| Masonry | 1 | |
7 total
» buildings
| Ziggurat | 9 | |
| Crypt | 1 | |
| Altar of Darkness | 1 | |
| Nerubian Tower | 1 | |
| Graveyard | 1 | |
| Tomb of Relics | 1 | |
| Spirit Tower | 5 | |
| Halls of the Dead | 1 | |
| Temple of the Damned | 1 | |
| Arcane Sanctum | 1 | |
| Arcane Vault | 1 | |
| Workshop | 1 | |
| Necropolis | 1 | |
25 total
» build order
00:08 Ziggurat
00:55 Crypt
00:59 Altar of Darkness
01:02 Nerubian Tower
01:46 Graveyard
01:54 Ziggurat
01:58 Tomb of Relics
04:43 Ziggurat
06:22 Ziggurat
06:25 Ziggurat
07:05 Ziggurat
07:20 Spirit Tower
07:56 Spirit Tower
09:08 Halls of the Dead
10:56 Spirit Tower
11:30 Temple of the Damned
13:36 Arcane Sanctum
13:45 Arcane Vault
14:56 Workshop
16:36 Ziggurat
17:31 Spirit Tower
17:33 Ziggurat
17:40 Necropolis
17:44 Ziggurat
18:28 Spirit Tower
» items
| Rod of Necromancy | 2 | |
| Sacrificial Skull | 1 | |
| Potion of Healing | 3 | |
| Scroll of Town Portal | 1 | |
7 total
team 2 (winner)
UDWorker (
pink | 143 APM | 1007 actions | 07:03)
3 Blademaster
2 Wind Walk
1 Critical Strike
» actions
| Assign group hotkey | 15 | |
| Basic commands | 30 | |
| Build / train | 31 | |
| ESC pressed | 2 | |
| Enter build submenu | 9 | |
| Enter hero's abilities submenu | 3 | |
| Give item / drop item | 1 | |
| Right click | 284 | |
| Select / deselect | 110 | |
| Select group hotkey | 464 | |
| Use ability | 58 | |
1007 total
» units
» upgrades
» buildings
| Altar of Storms | 1 | |
| Orc Burrow | 4 | |
| Barracks | 1 | |
| Voodoo Lounge | 1 | |
| Stronghold | 3 | |
| War Mill | 1 | |
11 total
» build order
00:06 Altar of Storms
00:11 Orc Burrow
00:39 Barracks
01:28 Orc Burrow
01:56 Voodoo Lounge
02:37 Orc Burrow
03:34 Stronghold
03:34 Stronghold
05:03 Orc Burrow
05:07 War Mill
» items
| Healing Salve | 3 | |
| Scroll of Town Portal | 1 | |
4 total

»
Drayen13 (
green | 114 APM | 2596 actions | 22:41)
10 Mountain King
3 Storm Bolt
3 Bash
2 Avatar
2 Thunder Clap
5 Tauren Chieftain
2 War Stomp
2 Endurance Aura
1 Reincarnation
4 Blood Mage
2 Flame Strike
2 Siphon Mana
» actions
| Assign group hotkey | 80 | |
| Basic commands | 347 | |
| Build / train | 170 | |
| ESC pressed | 3 | |
| Enter build submenu | 33 | |
| Enter hero's abilities submenu | 23 | |
| Give item / drop item | 1 | |
| Right click | 613 | |
| Select / deselect | 568 | |
| Select group hotkey | 645 | |
| Use ability | 113 | |
2596 total
» units
| Peasant | 14 | |
| Footman | 27 | |
| Mortar Team | 13 | |
| Grunt | 11 | |
| Peon | 4 | |
| Rifleman | 19 | |
| Troll Headhunter/Berserker | 15 | |
| Flying Machine | 5 | |
| Siege Engine | 8 | |
116 total
» upgrades
| Defend | 1 | |
| Swords | 2 | |
| Plating | 2 | |
| Fragmentation Shards | 1 | |
| Long Rifles | 1 | |
| Armor | 4 | |
| Gunpowder | 1 | |
| Melee Weapons | 2 | |
| Berserker Strength | 1 | |
| Barrage | 1 | |
| Ranged Weapons | 1 | |
| Masonry | 1 | |
18 total
» buildings
| Barracks | 3 | |
| Altar of Kings | 1 | |
| Farm | 11 | |
| Town Hall | 3 | |
| Arcane Vault | 1 | |
| Keep | 1 | |
| Blacksmith | 1 | |
| Arcane Sanctum | 2 | |
| Stronghold | 1 | |
| Orc Burrow | 5 | |
| War Mill | 1 | |
| Scout Tower | 3 | |
| Arcane Tower | 1 | |
| Fortress | 1 | |
| Lumber Mill | 1 | |
36 total
» build order
00:20 Barracks
00:35 Altar of Kings
00:50 Farm
01:05 Farm
01:43 Farm
02:18 Farm
02:59 Farm
03:57 Town Hall
04:06 Arcane Vault
05:02 Barracks
05:18 Keep
05:19 Blacksmith
06:15 Barracks
11:40 Arcane Sanctum
11:41 Arcane Sanctum
12:40 Stronghold
12:42 Orc Burrow
12:45 Farm
12:45 Farm
12:45 Farm
13:32 War Mill
14:47 Town Hall
16:10 Scout Tower
16:11 Scout Tower
16:11 Scout Tower
16:25 Town Hall
17:11 Farm
17:12 Farm
17:12 Farm
17:29 Arcane Tower
19:18 Fortress
20:05 Orc Burrow
20:06 Orc Burrow
20:58 Lumber Mill
21:16 Orc Burrow
21:16 Orc Burrow
» items
| Scroll of Regeneration | 1 | |
| Healing Salve | 1 | |
| Lesser Clarity Potion | 1 | |
| Scroll of Speed | 1 | |
4 total

»
WC-and-Chill (
teal | 45 APM | 337 actions | 07:26)
2 Tauren Chieftain
1 War Stomp
1 Endurance Aura
» actions
| Assign group hotkey | 7 | |
| Basic commands | 2 | |
| Build / train | 22 | |
| Enter build submenu | 13 | |
| Enter hero's abilities submenu | 2 | |
| Remove unit from queue | 1 | |
| Right click | 110 | |
| Select / deselect | 76 | |
| Select group hotkey | 87 | |
| Use ability | 17 | |
337 total
» units
» upgrades
» buildings
| Barracks | 2 | |
| Orc Burrow | 4 | |
| Altar of Storms | 1 | |
| Voodoo Lounge | 1 | |
| War Mill | 1 | |
| Great Hall | 1 | |
10 total
» build order
00:38 Barracks
00:46 Orc Burrow
01:12 Altar of Storms
01:49 Orc Burrow
02:31 Voodoo Lounge
02:46 Barracks
03:00 Orc Burrow
04:45 War Mill
05:16 Great Hall
06:22 Orc Burrow
» items
Newbsters (
red | 21 APM | 152 actions | 07:12)
1 Mountain King
1 Storm Bolt
» actions
| Basic commands | 4 | |
| Build / train | 23 | |
| Enter build submenu | 15 | |
| Enter hero's abilities submenu | 1 | |
| Right click | 36 | |
| Select / deselect | 55 | |
| Use ability | 18 | |
152 total
» units
» upgrades
» buildings
| Lumber Mill | 1 | |
| Altar of Kings | 1 | |
| Farm | 7 | |
| Scout Tower | 1 | |
| Arcane Tower | 1 | |
| Blacksmith | 1 | |
| Keep | 1 | |
| Castle | 1 | |
| Workshop | 3 | |
17 total
» build order
00:30 Lumber Mill
01:09 Altar of Kings
01:11 Farm
01:23 Scout Tower
01:55 Farm
01:56 Arcane Tower
02:43 Blacksmith
02:53 Keep
03:10 Farm
03:50 Farm
04:04 Farm
04:27 Farm
04:47 Farm
05:15 Castle
05:19 Workshop
05:24 Workshop
05:28 Workshop
Chat log
(00:13 / All) Newbsters: that newb got Scared
(00:22 / All) WC-and-Chill: i've got oj
(00:30 / All) Messi_kaka: shhh
(00:31 / Allies) UDWorker: rush?
(00:58 / Allies) WC-and-Chill: clear 2-3 mines first then hit
(01:01 / All) Newbsters: Shake Quake Rattle And Roll
(01:06 / All) Newbsters: Twist and Turn
(01:18 / All) Newbsters: you are Next
(01:28 / All) Newbsters: Don't Cry
(02:10 / All) Newbsters: The Whirl Winds And My Four Corners
(02:21 / All) Newbsters: Genesis Exodus and you will Number
(02:37 / All) Newbsters: Equation Systematic Mathematical
(02:50 / All) Newbsters: for Sure you are Next
(03:06 / All) Newbsters: Don't Cry and Claim I didn't Warn you
(03:09 / All) WC-and-Chill: There are only 3 kinds of people in this world.
(03:16 / All) WC-and-Chill: Those who can count, and those who can't.
(03:35 / All) Newbsters: and you don't know how many fingers you have in front of your face
(03:42 / All) Newbsters: Twisted Eye
(03:57 / All) Newbsters: Stumble Collapse and Fall
(04:13 / All) Newbsters: For The Pain Train Commeth
(04:34 / All) Newbsters: The Pain Train Commeth
(04:42 / All) Newbsters: Build The Tracks
(05:28 / Allies) Drayen13: thats 4
(05:39 / Allies) Drayen13: tp
(05:40 / Allies) Drayen13: all
(05:51 / Allies) WC-and-Chill: brt
(06:20 / Allies) Drayen13: i got 3x rakc coming
(06:27 / Allies) Drayen13: so survive
(06:29 / Allies) UDWorker: i think we lose
(06:30 / Allies) UDWorker: gg
(06:31 / Allies) Drayen13: with defned
(06:31 / Allies) Drayen13: try
(06:46 / All) Messi_kaka: MMMHHMMMMM
(06:57 / All) UDWorker: they all expoed
(07:02 / All) UDWorker: knowing thiw would happed
(07:03 / Allies) Drayen13: so we can still win
(07:21 / All) Messi_kaka: YAHHH
(07:25 / All) Messi_kaka: yYAYAYAYYA
(07:29 / All) Drayen13: not like an expansion cant ramp up an advantage huh
(07:45 / All) Messi_kaka: needs time
(10:52 / All) Drayen13: gee imagine if they ahdnt elft huh
(19:46 / All) Drayen13: told you
(19:48 / All) Drayen13: expo advantage